 Dungeon Crawl Stone Soup version 0.29.0-4-gdea44cf6ec (webtiles) character file.

Game seed: 8092594899799869713

23 qw the Chopper (level 2, 0/17 HPs)
             Began as a Tengu Warper on Aug 28, 2022.
             Succumbed to their own poison gas
             ... on level 1 of the Dungeon.
             The game lasted 00:00:05 (1054 turns).

qw the Chopper (Tengu Warper)                       Turns: 1054, Time: 00:00:06

Health: 0/17       AC:  5    Str: 11    XL:     2   Next: 95%
Magic:  6/6        EV:  8    Int: 13    God:
Gold:   22         SH:  7    Dex: 13    Spells: 5/5 levels left

rFire   . . .      SeeInvis .   Y - +0 hand axe
rCold   . . .      Faith    .   d - +0 kite shield
rNeg    . . .      Spirit   .   g - +0 ring mail
rPois   .          Reflect  .   (helmet restricted)
rElec   .          Harm     .   (no cloak)
rCorr   .          Rampage  .   (no gloves)
Will    .....                   (boots unavailable)
Stlth   +.........              (no amulet)
HPRegen 0.05/turn               (no ring)
MPRegen 0.10/turn               (no ring)

@: lethally poisoned (0 -> -8)
A: beak, talons 3
a: no special abilities


You were on level 1 of the Dungeon.
You visited 1 branch of the dungeon, and saw 1 of its levels.

You collected 22 gold pieces.


Innate Abilities, Weirdness & Mutations

You have a beak for a mouth.
You have claws for feet.


   Skills:
 - Level 2.0 Fighting
 - Level 3.7 Axes
 - Level 1.0 Throwing
 - Level 1.1 Armour
 - Level 2.1 Dodging
 + Level 0.0 Shields
 - Level 2.0 Spellcasting
 - Level 2.4 Translocations


You had 5 spell levels left.
You didn't know any spells.
Your spell library contained the following spells:

 Spells                   Type           Power      Damage    Failure   Level
 Blink                    Tloc           14%        N/A       77%         2
 Gell's Gravitas          Tloc           7%         N/A       94%         3
 Lesser Beckoning         Tloc           7%         N/A       94%         3
 Teleport Other           Tloc           7%         N/A       94%         3
 Manifold Assault         Tloc           7%         N/A       100%        5

Inventory:

Hand Weapons
 e - a +0 mace
 Y - a +0 hand axe (weapon)
Armour
 d - a +0 kite shield (worn)
 g - a +0 ring mail (worn)
Potions
 h - a potion of degeneration {unknown}

Dungeon Overview and Level Annotations

Branches:
Dungeon (1/15)

Altars:


Message History

Partly explored, can't reach some places.
Partly explored, can't reach some places.
1033 ||| UPGRADING to +0 kite shield.
You start putting on your armour.
You continue putting on your +0 kite shield. x4
You finish putting on your +0 kite shield.
1038 ||| UPGRADING to +0 ring mail.
You start removing your armour.
You continue taking off your +0 leather armour. x4
You finish taking off your +0 leather armour.
You start putting on your armour.
You continue putting on your +0 ring mail. x5
You finish putting on your +0 ring mail.
1048 ||| DROPPING +0 leather armour.
You drop a +0 leather armour.
Partly explored, can't reach some places.
1049 ||| READING scroll labelled GOAQYO HAONTU.
The air fills with toxic fumes!
As you read the scroll labelled GOAQYO HAONTU, it crumbles to dust.
It was a scroll of poison.
Partly explored, can't reach some places.
1050 ||| DROPPING scroll of blinking.
You drop a scroll of blinking.
Partly explored, can't reach some places.
(D) Dungeon
Where to? (* - list waypoints, ? - help)
What level of the Dungeon? (default 1, ? - help) Sorry, I don't know how to get there.
Partly explored, can't reach some places.
1051 ||| Stepping randomly (stuck).
Really walk into that cloud of poison gas?
You are engulfed in poison gas.
You are lethally poisoned!
You feel very sick.
1052 ||| Stepping ~*~*~tactically~*~*~ (cloud).
You feel very sick.
Things that are here:
a scroll of blinking; a +0 leather armour
There is a lethal amount of poison in your body!
You feel sick.
There is a lethal amount of poison in your body!
You die...

.....#.##.#####.............##.#.
........#........................
.....#.##.#####.............##...
.....#.##.### ######...#########.
.....#.)[.).# #...# #.
.....#..#.#.# #...# #.
.###....#.#.# 777##...# ##.
.#G#......#¤7777¤P7#...########..
.###..#.###¤¤¤¤¤@P7##............
........###¤7¤P7777 #########....
.....##...¤¤¤777 ####.....
.....###777¤#.#### #...)....
.###.##7.P77.....########.##.....
.#G#...7.PP7.).#.................
.###.##7..P7...#...##............
.....##7..P7.#####.##.##...#.)#>.
.......77.P7...#.................


There were no monsters in sight!

Vanquished Creatures
  2 hobgoblins (D:1)
  3 jackals (D:1)
  3 quokkas (D:1)
  2 ball pythons (D:1)
  A bat (D:1)
  3 frilled lizards (D:1)
  2 goblins (D:1)
  2 kobolds (D:1)
  4 rats (D:1)
22 creatures vanquished.

Notes
Turn   | Place    | Note
-------+----------+-------------------------------------------
     0 | D:1      | qw the Tengu Warper began the quest for the Orb.
     0 | D:1      | Reached XP level 1. HP: 12/12 MP: 4/4
     0 | D:1      | 0 ||| qw: Version: 0.1-a-89-g26bdef1
     0 | D:1      | 0 ||| qw: Game counter: 1497
     0 | D:1      | 0 ||| qw: Always use a shield: true
     0 | D:1      | 0 ||| qw: God list: Okawaru
     0 | D:1      | 0 ||| qw: Allow faded altars: false
     0 | D:1      | 0 ||| qw: Do Orc after D:15 true
     0 | D:1      | 0 ||| qw: Do second Lair branch before Depths: true
     0 | D:1      | 0 ||| qw: Lair rune preference: random
     0 | D:1      | 0 ||| qw: Plans: Normal
     0 | D:1      | 0 ||| PLANNING D:1-11
   260 | D:1      | Reached XP level 2. HP: 17/17 MP: 6/6
   294 | D:1      | Reached skill level 3 in Axes
   450 | D:1      | Found a faded altar of an unknown god.
   450 | D:1      | Noticed a shining eye
   465 | D:1      | Noticed a floating eye
   473 | D:1      | Noticed a great orb of eyes
   477 | D:1      | Noticed a golden eye
   624 | D:1      | 624 ||| Stepping ~*~*~tactically~*~*~ (stealth).
   625 | D:1      | 625 ||| Stepping ~*~*~tactically~*~*~ (stealth).
  1033 | D:1      | 1033 ||| UPGRADING to +0 kite shield.
  1038 | D:1      | 1038 ||| UPGRADING to +0 ring mail.
  1048 | D:1      | 1048 ||| DROPPING +0 leather armour.
  1049 | D:1      | 1049 ||| READING scroll labelled GOAQYO HAONTU.
  1050 | D:1      | 1050 ||| DROPPING scroll of blinking.
  1051 | D:1      | 1051 ||| Stepping randomly (stuck).
  1052 | D:1      | 1052 ||| Stepping ~*~*~tactically~*~*~ (cloud).
  1052 | D:1      | HP: 4/17 [poisoned by you (poison gas)]
  1054 | D:1      | Succumbed to their own poison gas

Levels and vault maps discovered:
D:1:      lemuel_arrival_behind_the_door_large, layout_loops_cross,
          hellmonk_ecumenical_altar_watching_god, serial_forest,
          infiniplex_forest_end_1, infiniplex_forest_clump_tiny,
          infiniplex_forest_clump_medium, infiniplex_forest_end_3,
          infiniplex_forest_end_1

Skill      XL: |  1  2 |
---------------+-------+-----
Axes           | 3 |  3.7
Fighting       | |  2.0
Throwing       | |  1.0
Armour         | |  1.1
Dodging        | |  2.1
Spellcasting   | |  2.0
Translocations | |  2.4

Action                   || total
-------------------------++-------
Melee: Hand axe          ||    47
       Kick              ||    11
       Peck              ||     3
Throw: Boomerang         ||     7
  Use: Scroll            ||     1
Armor: Leather armour    ||     9
Dodge: Dodged            ||    21

Table legend:
 A = Non-vault XP
 B = Vault XP
 C = Vault XP percentage of total XP
 D = Non-vault monster count
 E = Vault monster count
 F = Vault count percentage of total count
                 A         B        C        D         E       F
            +---------+---------+-------+---------+---------+-------
      Total |      33 |       0 |   0.0 |      22 |       0 |   0.0
            +---------+---------+-------+---------+---------+-------
        D:1 |      33 |       0 |   0.0 |      22 |       0 |   0.0
            +---------+---------+-------+---------+---------+-------
